Goals | Penalties |
1. Red Wings , Alex Iafallo 13 (Evander Kane 5) at 1:22 (PP)
2. Red Wings , Jake McCabe 6 (Neal Pionk 7, Jordan Eberle 6) at 9:27 (PP)
3. Red Wings , Alex Iafallo 14 (Jake McCabe 11, Neal Pionk 8) at 17:23 (PP)
|
Kyle Okposo (NYI) for Hooking (Minor) at 1:16 Mikhail Sergachev (NYI) for Tripping (Minor) at 8:25 Barclay Goodrow (NYI) for Goalie Interference (Minor) at 16:12
|
4. Islanders , Casey Cizikas 4 (Kyle Okposo 5, Brendan Lemieux 1) at 5:03
|
Mikey Anderson (DET) for Slashing (Minor) at 6:16
|
5. Islanders , Marcus Johansson 5 (Teddy Blueger 8, Kirill Marchenko 5) at 2:42
6. Red Wings , Mikey Anderson 3 (Alex Iafallo 16) at 7:48 (PP)
|
Casey Cizikas (NYI) for Tripping (Minor) at 6:08
|
|
Scott Wedgewood (NYI), 35 saves from 39 shots - (0,897), L, 4-4-0, 60:00 minutes
Samuel Ersson (DET), 24 saves from 26 shots - (0,923), W, 10-6-0, 60:00 minutes
|
|
1 - Alex Iafallo (DET)
2 - Jake McCabe (DET)
3 - Neal Pionk (DET)
|
Referees : TJ Luxmore and Gord Dwyer
Linesman : Scott Driscoll and Mark Wheler
|
|
No Game Note
|
|
Level 1 -- Attendance: 3627 (60,45%) -- Ticket Income $453,375
Level 2 -- Attendance: 2764 (55,28%) -- Ticket Income $234,940
Level 3 -- Attendance: 921 (46,05%) -- Ticket Income $55,260
Level 4 -- Attendance: 1600 (40,00%) -- Ticket Income $72,000
Luxury Box -- Attendance: 678 (67,80%) -- Ticket Income $152,550
Game was played at the Joe Louis Arena.
Total Attendance: 9590 (53,28%)
Total Ticket Income: $968,125
Other Income: $87,131
Total Income: $1,055,256
|
Team Name |
Goals |
Shots |
Shots Attemp |
Shots Blocked |
PIM |
HIT |
PP |
PK |
FO% |
Islanders |
2 | 26 | 55 | 7 | 8 | 18 | 0 / 1 (0%) | 4 | 49% |
Red Wings |
4 | 39 | 74 | 9 | 2 | 18 | 4 / 4 (100%) | 0 | 51% |
Islanders
Player Name |
POS |
G |
A |
P |
+/- |
PIM |
HIT |
SHT |
SB |
MP |
PP MP |
PP SHT |
PK MP |
PK SHT |
FO% |
FOT |
Barclay Goodrow | C | 0 | 0 | 0 | 0 | 2 | 2 | 4 | 1 | 18:15 | 0:00 | 0 | 1:19 | 0 | 59% |
22 |
Brendan Lemieux | LW | 0 | 1 | 1 | 1 | 0 | 2 | 3 | 1 | 14:15 | 0:00 | 0 | 0:00 | 0 | 0% |
1 |
Brett Kulak | D | 0 | 0 | 0 | 2 | 0 | 0 | 0 | 1 | 19:20 | 0:50 | 0 | 2:06 | 0 | 0% |
0 |
Brett Seney | LW | 0 | 0 | 0 | 0 | 0 | 0 | 0 | 0 | 6:36 | 0:00 | 0 | 0:53 | 0 | 0% |
0 |
Casey Cizikas | C | 1 | 0 | 1 | 1 | 2 | 2 | 4 | 1 | 16:00 | 0:50 | 0 | 0:56 | 0 | 67% |
18 |
Isak Rosen | RW | 0 | 0 | 0 | 0 | 0 | 0 | 0 | 0 | 6:23 | 0:00 | 0 | 0:00 | 0 | 100% |
1 |
Jeff Petry | D | 0 | 0 | 0 | 0 | 0 | 2 | 1 | 1 | 18:48 | 0:00 | 0 | 0:00 | 0 | 0% |
0 |
Jesse Ylonen | RW | 0 | 0 | 0 | 0 | 0 | 0 | 4 | 0 | 17:07 | 0:50 | 0 | 0:00 | 0 | 0% |
1 |
Kirill Marchenko | RW | 0 | 1 | 1 | 1 | 0 | 0 | 2 | 0 | 20:00 | 1:09 | 0 | 1:44 | 0 | 100% |
1 |
Kyle Okposo | RW | 0 | 1 | 1 | 1 | 2 | 0 | 1 | 0 | 14:14 | 0:00 | 0 | 0:00 | 0 | 0% |
0 |
Marc-Edouard Vlasic | D | 0 | 0 | 0 | 0 | 0 | 1 | 1 | 0 | 21:36 | 1:00 | 0 | 1:46 | 0 | 0% |
0 |
Marcus Johansson | LW | 1 | 0 | 1 | 1 | 0 | 0 | 2 | 0 | 19:38 | 1:09 | 0 | 1:22 | 0 | 50% |
2 |
Matt Dumba | D | 0 | 0 | 0 | 2 | 0 | 3 | 0 | 1 | 18:31 | 0:50 | 0 | 1:17 | 0 | 0% |
0 |
Mikhail Sergachev | D | 0 | 0 | 0 | 0 | 2 | 0 | 0 | 0 | 22:16 | 1:09 | 0 | 2:20 | 0 | 0% |
0 |
Simon Nemec | D | 0 | 0 | 0 | 0 | 0 | 1 | 1 | 0 | 19:28 | 0:09 | 0 | 0:29 | 0 | 0% |
0 |
Teddy Blueger | C | 0 | 1 | 1 | 1 | 0 | 4 | 1 | 0 | 20:00 | 1:09 | 0 | 1:44 | 0 | 33% |
30 |
Travis Boyd | C | 0 | 0 | 0 | 0 | 0 | 1 | 1 | 1 | 6:33 | 0:50 | 0 | 0:00 | 0 | 50% |
6 |
Viktor Neuchev | C/LW | 0 | 0 | 0 | 0 | 0 | 0 | 1 | 0 | 16:57 | 0:00 | 0 | 0:00 | 0 | 33% |
3 |
Red Wings
Player Name |
POS |
G |
A |
P |
+/- |
PIM |
HIT |
SHT |
SB |
MP |
PP MP |
PP SHT |
PK MP |
PK SHT |
FO% |
FOT |
Alex Iafallo | C/LW/RW | 2 | 1 | 3 | -2 | 0 | 1 | 9 | 0 | 22:58 | 1:59 | 4 | 1:18 | 0 | 25% |
4 |
Brock McGinn | LW | 0 | 0 | 0 | 0 | 0 | 3 | 4 | 0 | 14:15 | 0:00 | 0 | 0:41 | 0 | 0% |
1 |
Brock Nelson | C | 0 | 0 | 0 | 0 | 0 | 0 | 7 | 0 | 22:35 | 2:00 | 1 | 0:00 | 0 | 61% |
31 |
Cody Glass | C/RW | 0 | 0 | 0 | 0 | 0 | 0 | 1 | 0 | 5:14 | 0:00 | 0 | 0:00 | 0 | 0% |
0 |
Erik Gustafsson | D | 0 | 0 | 0 | -1 | 0 | 1 | 0 | 0 | 16:08 | 0:00 | 0 | 0:58 | 0 | 0% |
0 |
Evander Kane | LW | 0 | 1 | 1 | -2 | 0 | 3 | 3 | 0 | 21:40 | 1:59 | 0 | 0:00 | 0 | 33% |
3 |
Jake McCabe | D | 1 | 1 | 2 | -1 | 0 | 0 | 2 | 4 | 21:00 | 1:55 | 1 | 0:58 | 0 | 0% |
0 |
Jakub Vrana | LW/RW | 0 | 0 | 0 | 0 | 0 | 0 | 1 | 0 | 13:34 | 0:00 | 0 | 0:00 | 0 | 0% |
0 |
Johnathan Kovacevic | D | 0 | 0 | 0 | 0 | 0 | 0 | 0 | 0 | 3:41 | 0:00 | 0 | 1:01 | 0 | 0% |
0 |
Jordan Eberle | RW | 0 | 1 | 1 | 0 | 0 | 2 | 4 | 0 | 17:33 | 2:00 | 0 | 0:00 | 0 | 0% |
2 |
Leo Carlsson | C | 0 | 0 | 0 | 0 | 0 | 1 | 0 | 0 | 15:34 | 2:00 | 0 | 0:00 | 0 | 47% |
17 |
Mikey Anderson | D | 1 | 0 | 1 | -1 | 2 | 1 | 1 | 2 | 22:50 | 2:04 | 1 | 0:00 | 0 | 0% |
0 |
Nate Schmidt | D | 0 | 0 | 0 | -1 | 0 | 1 | 2 | 0 | 15:10 | 0:00 | 0 | 0:00 | 0 | 0% |
0 |
Neal Pionk | D | 0 | 2 | 2 | 0 | 0 | 0 | 1 | 2 | 21:01 | 1:55 | 0 | 1:01 | 0 | 0% |
0 |
Tanner Pearson | LW | 0 | 0 | 0 | 0 | 0 | 0 | 1 | 0 | 5:55 | 0:00 | 0 | 0:41 | 1 | 0% |
0 |
Trevor Zegras | C | 0 | 0 | 0 | -2 | 0 | 1 | 0 | 0 | 21:52 | 1:59 | 0 | 0:00 | 0 | 52% |
27 |
Tyson Barrie | D | 0 | 0 | 0 | 0 | 0 | 0 | 0 | 1 | 20:09 | 2:04 | 0 | 0:00 | 0 | 0% |
0 |
Warren Foegele | LW/RW | 0 | 0 | 0 | 0 | 0 | 4 | 3 | 0 | 16:51 | 0:00 | 0 | 1:18 | 0 | 0% |
0 |
Islanders
5 vs 5 Forward |
---|
Line # | Left Wing | Center | Right Wing | PHY | DF | OF | Wanted % | Time % | Time Play |
1 | Marcus Johansson | Teddy Blueger | Kirill Marchenko | 1 | 2 | 2 | 31 | 32% | 17:07
|
2 | Viktor Neuchev | Barclay Goodrow | Jesse Ylonen | 1 | 2 | 2 | 31 | 31% | 16:57
|
3 | Brendan Lemieux | Casey Cizikas | Kyle Okposo | 1 | 2 | 2 | 26 | 26% | 14:15
|
4 | Brett Seney | Travis Boyd | Isak Rosen | 1 | 2 | 2 | 12 | 11% | 5:43
|
5 vs 5 Defense |
---|
Line # | Defense | Defense | | PHY | DF | OF | Wanted % | Time % | Time Play |
1 | Mikhail Sergachev | Jeff Petry | | 1 | 2 | 2 | 36 | 34% | 18:13
|
2 | Simon Nemec | Marc-Edouard Vlasic | | 1 | 2 | 2 | 35 | 35% | 18:50
|
3 | Brett Kulak | Matt Dumba | | 1 | 2 | 2 | 29 | 30% | 16:24
|
4 | Mikhail Sergachev | Jeff Petry | | 1 | 2 | 2 | 0 | 1% | 0:35
|
Power Play Forward |
---|
Line # | Left Wing | Center | Right Wing | PHY | DF | OF | Wanted % | Time % | Time Play |
1 | Marcus Johansson | Kirill Marchenko | Teddy Blueger | 1 | 2 | 2 | 55 | 58% | 1:09
|
2 | Jesse Ylonen | Casey Cizikas | Travis Boyd | 1 | 2 | 2 | 45 | 42% | 0:50
|
Power Play Defense |
---|
Line # | Defense | Defense | | PHY | DF | OF | Wanted % | Time % | Time Play |
1 | Mikhail Sergachev | Marc-Edouard Vlasic | | 1 | 2 | 2 | 55 | 58% | 1:09
|
2 | Brett Kulak | Matt Dumba | | 1 | 2 | 2 | 45 | 42% | 0:50
|
Penalty Kill 4 Players Forward |
---|
Line # | Center | Wing | PHY | DF | OF | Wanted % | Time % | Time Play |
1 | Teddy Blueger | Kirill Marchenko | 1 | 2 | 2 | 55 | 44% | 1:44
|
2 | Casey Cizikas | Marcus Johansson | 1 | 2 | 2 | 45 | 56% | 2:15
|
Penalty Kill 4 Players Defense |
---|
Line # | Defense | Defense | PHY | DF | OF | Wanted % | Time % | Time Play |
1 | Mikhail Sergachev | Brett Kulak | 1 | 2 | 2 | 55 | 76% | 3:01
|
2 | Marc-Edouard Vlasic | Matt Dumba | 1 | 2 | 2 | 45 | 24% | 0:58
|
Penalty Kill 3 Players |
---|
Line # | Wing | PHY | DF | OF | Wanted % | Time % | Time Play | Defense | Defense | PHY | DF | OF | Wanted % | Time % | Time Play |
1 | Casey Cizikas | 1 | 2 | 2 | 55 | 0% | 0:00
| Mikhail Sergachev | Brett Kulak | 1 | 2 | 2 | 55 | 0% | 0:00
|
2 | Teddy Blueger | 1 | 2 | 2 | 45 | 0% | 0:00
| Marc-Edouard Vlasic | Matt Dumba | 1 | 2 | 2 | 45 | 0% | 0:00
|
4 vs 4 Forward |
---|
Line # | Center | Wing | PHY | DF | OF | Wanted % | Time % | Time Play |
1 | Teddy Blueger | Travis Boyd | 1 | 2 | 2 | 55 | 0% | 0:00
|
2 | Casey Cizikas | Kirill Marchenko | 1 | 2 | 2 | 45 | 0% | 0:00
|
4 vs 4 Defense |
---|
Line # | Defense | | PHY | DF | OF | Wanted % | Time % | Time Play |
1 | Mikhail Sergachev | Marc-Edouard Vlasic | 1 | 2 | 2 | 55 | 0% | 0:00
|
2 | Simon Nemec | Matt Dumba | 1 | 2 | 2 | 45 | 0% | 0:00
|
Last Minutes Offensive |
---|
Left Wing | Center | Right Wing | Defense | Defense |
Jesse Ylonen | Travis Boyd | Marcus Johansson | Mikhail Sergachev | Marc-Edouard Vlasic |
Last Minutes Defensive |
---|
Left Wing | Center | Right Wing | Defense | Defense |
Jesse Ylonen | Travis Boyd | Marcus Johansson | Mikhail Sergachev | Marc-Edouard Vlasic |
Time |
---|
Total Forward | Total Defense | Last Minutes Offensive | Last Minutes Defensive |
60:00 |
60:00 |
0:00 | 0:00 |
Extra Forwards |
---|
Normal | PowerPlay | Penalty Kill |
Casey Cizikas, Teddy Blueger, Kirill Marchenko | Casey Cizikas, Teddy Blueger | Kirill Marchenko |
Extra Defensemen |
---|
Normal | PowerPlay | Penalty Kill |
Brett Kulak, Mikhail Sergachev, Matt Dumba | Brett Kulak, Matt Dumba | Mikhail Sergachev |
Penalty Shots |
---|
Kirill Marchenko, Teddy Blueger, Casey Cizikas, Jesse Ylonen, Barclay Goodrow |
Goalie |
---|
Scott Wedgewood, Carter Hart |
Scratches |
---|
Alex Belzile (Sprained Right Knee Injury), Sam Montembeault (Healthy), Elvis Merzlikins (Healthy) |
Red Wings
5 vs 5 Forward |
---|
Line # | Left Wing | Center | Right Wing | PHY | DF | OF | Wanted % | Time % | Time Play |
1 | Warren Foegele | Brock Nelson | Jordan Eberle | 0 | 2 | 3 | 38 | 29% | 15:33
|
2 | Evander Kane | Trevor Zegras | Alex Iafallo | 0 | 2 | 3 | 38 | 36% | 19:41
|
3 | Brock McGinn | Leo Carlsson | Jakub Vrana | 0 | 3 | 2 | 23 | 25% | 13:34
|
4 | Tanner Pearson | Brock Nelson | Cody Glass | 0 | 3 | 2 | 1 | 10% | 5:14
|
5 vs 5 Defense |
---|
Line # | Defense | Defense | | PHY | DF | OF | Wanted % | Time % | Time Play |
1 | Mikey Anderson | Jake McCabe | | 1 | 2 | 2 | 38 | 34% | 18:07
|
2 | Neal Pionk | Tyson Barrie | | 1 | 2 | 2 | 37 | 33% | 18:05
|
3 | Nate Schmidt | Erik Gustafsson | | 1 | 2 | 2 | 24 | 28% | 15:10
|
4 | Johnathan Kovacevic | Mikey Anderson | | 1 | 2 | 2 | 1 | 5% | 2:40
|
Power Play Forward |
---|
Line # | Left Wing | Center | Right Wing | PHY | DF | OF | Wanted % | Time % | Time Play |
1 | Leo Carlsson | Brock Nelson | Jordan Eberle | 0 | 1 | 4 | 55 | 50% | 2:00
|
2 | Evander Kane | Trevor Zegras | Alex Iafallo | 0 | 1 | 4 | 45 | 50% | 1:59
|
Power Play Defense |
---|
Line # | Defense | Defense | | PHY | DF | OF | Wanted % | Time % | Time Play |
1 | Mikey Anderson | Tyson Barrie | | 0 | 2 | 3 | 55 | 52% | 2:04
|
2 | Neal Pionk | Jake McCabe | | 0 | 2 | 3 | 45 | 48% | 1:55
|
Penalty Kill 4 Players Forward |
---|
Line # | Center | Wing | PHY | DF | OF | Wanted % | Time % | Time Play |
1 | Alex Iafallo | Warren Foegele | 0 | 5 | 0 | 55 | 66% | 1:18
|
2 | Tanner Pearson | Brock McGinn | 0 | 5 | 0 | 45 | 34% | 0:41
|
Penalty Kill 4 Players Defense |
---|
Line # | Defense | Defense | PHY | DF | OF | Wanted % | Time % | Time Play |
1 | Neal Pionk | Johnathan Kovacevic | 0 | 5 | 0 | 55 | 51% | 1:01
|
2 | Mikey Anderson | Jake McCabe | 0 | 5 | 0 | 45 | 49% | 0:58
|
Penalty Kill 3 Players |
---|
Line # | Wing | PHY | DF | OF | Wanted % | Time % | Time Play | Defense | Defense | PHY | DF | OF | Wanted % | Time % | Time Play |
1 | Alex Iafallo | 0 | 5 | 0 | 55 | 0% | 0:00
| Neal Pionk | Johnathan Kovacevic | 0 | 5 | 0 | 55 | 0% | 0:00
|
2 | Brock McGinn | 0 | 5 | 0 | 45 | 0% | 0:00
| Mikey Anderson | Jake McCabe | 0 | 5 | 0 | 45 | 0% | 0:00
|
4 vs 4 Forward |
---|
Line # | Center | Wing | PHY | DF | OF | Wanted % | Time % | Time Play |
1 | Brock Nelson | Jordan Eberle | 0 | 2 | 3 | 55 | 0% | 0:00
|
2 | Trevor Zegras | Evander Kane | 0 | 2 | 3 | 45 | 0% | 0:00
|
4 vs 4 Defense |
---|
Line # | Defense | | PHY | DF | OF | Wanted % | Time % | Time Play |
1 | Jake McCabe | Tyson Barrie | 0 | 3 | 2 | 55 | 0% | 0:00
|
2 | Neal Pionk | Nate Schmidt | 0 | 3 | 2 | 45 | 0% | 0:00
|
Last Minutes Offensive |
---|
Left Wing | Center | Right Wing | Defense | Defense |
Trevor Zegras | Brock Nelson | Jordan Eberle | Jake McCabe | Neal Pionk |
Last Minutes Defensive |
---|
Left Wing | Center | Right Wing | Defense | Defense |
Leo Carlsson | Brock Nelson | Alex Iafallo | Jake McCabe | Mikey Anderson |
Time |
---|
Total Forward | Total Defense | Last Minutes Offensive | Last Minutes Defensive |
60:00 |
60:00 |
0:00 | 0:00 |
Extra Forwards |
---|
Normal | PowerPlay | Penalty Kill |
Leo Carlsson, Trevor Zegras, Jordan Eberle | Brock Nelson, Leo Carlsson | Alex Iafallo |
Extra Defensemen |
---|
Normal | PowerPlay | Penalty Kill |
Jake McCabe, Mikey Anderson, Neal Pionk | Jake McCabe, Neal Pionk | Mikey Anderson |
Penalty Shots |
---|
Leo Carlsson, Trevor Zegras, Brock Nelson, Jordan Eberle, Evander Kane |
Goalie |
---|
Samuel Ersson, Jake Allen |
Scratches |
---|
Rocco Grimaldi (Healthy), Vincent Desharnais (Healthy), Antti Raanta (Healthy) |
Play-by-Play
1st period
0:01 of 1st period - Brock Nelson wins face-off versus Teddy Blueger in neutral zone.
0:07 of 1st period - Off-side.
0:08 of 1st period - Trevor Zegras wins face-off versus Barclay Goodrow in neutral zone.
0:43 of 1st period - Shot by Barclay Goodrow.
0:43 of 1st period - Shot Blocked by Neal Pionk.
0:45 of 1st period - Shot by Jesse Ylonen.
0:45 of 1st period - Stopped by Samuel Ersson without a rebound.
0:46 of 1st period - Casey Cizikas wins face-off versus Leo Carlsson in Red Wings zone.
0:46 of 1st period - Kyle Okposo is hit by Erik Gustafsson and loses puck.
1:05 of 1st period - Kyle Okposo is hit by Brock McGinn and loses puck.
1:14 of 1st period - Leo Carlsson is hit by Brendan Lemieux and loses puck.
1:16 of 1st period - Minor Penalty to Kyle Okposo for Hooking.
1:17 of 1st period - Teddy Blueger wins face-off versus Trevor Zegras in Islanders zone.
1:22 of 1st period - Shot by Alex Iafallo.
1:22 of 1st period - Goal by Alex Iafallo - Islanders : 0 - Red Wings : 1.
1:23 of 1st period - Brock Nelson wins face-off versus Teddy Blueger in neutral zone.
1:33 of 1st period - Icing by Teddy Blueger.
1:34 of 1st period - Brock Nelson wins face-off versus Teddy Blueger in Islanders zone.
1:45 of 1st period - Shot by Kirill Marchenko.
1:45 of 1st period - Stopped by Samuel Ersson without a rebound.
1:46 of 1st period - Trevor Zegras wins face-off versus Travis Boyd in Red Wings zone.
1:55 of 1st period - Shot by Evander Kane.
1:55 of 1st period - Shot Misses the Net.
1:57 of 1st period - Shot by Trevor Zegras.
1:57 of 1st period - Deflect By Evander Kane.
1:57 of 1st period - Shot Blocked by Travis Boyd.
1:59 of 1st period - Shot by Evander Kane.
1:59 of 1st period - Stopped by Scott Wedgewood without a rebound.
2:00 of 1st period - Teddy Blueger wins face-off versus Brock Nelson in Islanders zone.
2:00 of 1st period - Teddy Blueger is hit by Warren Foegele.
2:42 of 1st period - Shot by Warren Foegele.
2:42 of 1st period - Shot Blocked by Jeff Petry.
3:00 of 1st period - Shot by Alex Iafallo.
3:00 of 1st period - Shot Misses the Net.
4:47 of 1st period - Shot by Brock Nelson.
4:47 of 1st period - Shot Misses the Net.
4:49 of 1st period - Shot by Warren Foegele.
4:49 of 1st period - Shot Misses the Net.
5:43 of 1st period - Shot by Marc-Edouard Vlasic.
5:43 of 1st period - Shot Blocked by Tyson Barrie.
5:53 of 1st period - Shot by Marc-Edouard Vlasic.
5:53 of 1st period - Stopped by Samuel Ersson without a rebound.
5:54 of 1st period - Barclay Goodrow wins face-off versus Leo Carlsson in Red Wings zone.
7:58 of 1st period - Shot by Cody Glass.
7:58 of 1st period - Stopped by Scott Wedgewood with a rebound.
8:00 of 1st period - Shot by Jake McCabe.
8:00 of 1st period - Stopped by Scott Wedgewood without a rebound.
8:01 of 1st period - Casey Cizikas wins face-off versus Brock Nelson in Islanders zone.
8:20 of 1st period - Shot by Warren Foegele.
8:20 of 1st period - Shot Misses the Net.
8:25 of 1st period - Minor Penalty to Mikhail Sergachev for Tripping.
8:26 of 1st period - Trevor Zegras wins face-off versus Teddy Blueger in Islanders zone.
8:27 of 1st period - Shot by Alex Iafallo.
8:27 of 1st period - Stopped by Scott Wedgewood without a rebound.
8:28 of 1st period - Trevor Zegras wins face-off versus Teddy Blueger in Islanders zone.
8:31 of 1st period - Shot by Mikey Anderson.
8:31 of 1st period - Shot Misses the Net.
8:33 of 1st period - Shot by Trevor Zegras.
8:33 of 1st period - Shot Misses the Net.
8:49 of 1st period - Shot by Alex Iafallo.
8:49 of 1st period - Stopped by Scott Wedgewood without a rebound.
8:50 of 1st period - Brock Nelson wins face-off versus Casey Cizikas in Islanders zone.
8:55 of 1st period - Shot by Brock Nelson.
8:55 of 1st period - Stopped by Scott Wedgewood without a rebound.
8:56 of 1st period - Brock Nelson wins face-off versus Teddy Blueger in Islanders zone.
9:27 of 1st period - Shot by Jake McCabe.
9:27 of 1st period - Goal by Jake McCabe - Islanders : 0 - Red Wings : 2.
9:28 of 1st period - Viktor Neuchev wins face-off versus Alex Iafallo in neutral zone.
9:54 of 1st period - Alex Iafallo is hit by Jeff Petry and loses puck.
10:09 of 1st period - Icing by Trevor Zegras.
10:10 of 1st period - Trevor Zegras wins face-off versus Brendan Lemieux in Red Wings zone.
10:39 of 1st period - Shot by Kyle Okposo.
10:39 of 1st period - Shot Misses the Net.
11:44 of 1st period - Icing by Matt Dumba.
11:45 of 1st period - Teddy Blueger wins face-off versus Trevor Zegras in Islanders zone.
11:56 of 1st period - Icing by Jake McCabe.
11:57 of 1st period - Barclay Goodrow wins face-off versus Trevor Zegras in Red Wings zone.
13:01 of 1st period - Icing by Trevor Zegras.
13:02 of 1st period - Teddy Blueger wins face-off versus Trevor Zegras in Red Wings zone.
13:05 of 1st period - Shot by Simon Nemec.
13:05 of 1st period - Stopped by Samuel Ersson without a rebound.
13:06 of 1st period - Teddy Blueger wins face-off versus Jordan Eberle in Red Wings zone.
13:21 of 1st period - Shot by Kirill Marchenko.
13:21 of 1st period - Shot Blocked by Neal Pionk.
13:23 of 1st period - Shot by Marcus Johansson.
13:23 of 1st period - Stopped by Samuel Ersson without a rebound.
13:24 of 1st period - Casey Cizikas wins face-off versus Leo Carlsson in Red Wings zone.
13:31 of 1st period - Brock McGinn is hit by Casey Cizikas and loses puck.
13:54 of 1st period - Shot by Casey Cizikas.
13:54 of 1st period - Stopped by Samuel Ersson without a rebound.
13:55 of 1st period - Brock Nelson wins face-off versus Viktor Neuchev in Red Wings zone.
14:28 of 1st period - Shot by Barclay Goodrow.
14:28 of 1st period - Stopped by Samuel Ersson without a rebound.
14:29 of 1st period - Trevor Zegras wins face-off versus Teddy Blueger in Red Wings zone.
14:29 of 1st period - Trevor Zegras is hit by Teddy Blueger.
14:43 of 1st period - Shot by Alex Iafallo.
14:43 of 1st period - Stopped by Scott Wedgewood without a rebound.
14:44 of 1st period - Casey Cizikas wins face-off versus Leo Carlsson in Islanders zone.
14:44 of 1st period - Casey Cizikas is hit by Leo Carlsson.
15:02 of 1st period - Shot by Brock McGinn.
15:02 of 1st period - Stopped by Scott Wedgewood without a rebound.
15:03 of 1st period - Brock Nelson wins face-off versus Barclay Goodrow in Islanders zone.
15:27 of 1st period - Mikey Anderson is hit by Marc-Edouard Vlasic and loses puck.
15:43 of 1st period - Icing by Marc-Edouard Vlasic.
15:44 of 1st period - Barclay Goodrow wins face-off versus Trevor Zegras in Islanders zone.
16:12 of 1st period - Minor Penalty to Barclay Goodrow for Goalie Interference.
16:13 of 1st period - Teddy Blueger wins face-off versus Brock Nelson in Islanders zone.
17:19 of 1st period - Shot by Neal Pionk.
17:19 of 1st period - Shot Misses the Net.
17:21 of 1st period - Shot by Jake McCabe.
17:21 of 1st period - Shot Blocked by Casey Cizikas.
17:23 of 1st period - Shot by Alex Iafallo.
17:23 of 1st period - Goal by Alex Iafallo - Islanders : 0 - Red Wings : 3.
17:24 of 1st period - Leo Carlsson wins face-off versus Travis Boyd in neutral zone.
17:31 of 1st period - Icing by Jeff Petry.
17:32 of 1st period - Isak Rosen wins face-off versus Brock Nelson in Islanders zone.
18:03 of 1st period - Shot by Brock Nelson.
18:03 of 1st period - Shot Misses the Net.
19:08 of 1st period - Casey Cizikas is hit by Mikey Anderson and loses puck.
19:11 of 1st period - Shot by Casey Cizikas.
19:11 of 1st period - Stopped by Samuel Ersson without a rebound.
19:12 of 1st period - Leo Carlsson wins face-off versus Jesse Ylonen in Red Wings zone.
19:24 of 1st period - Off-side.
19:25 of 1st period - Leo Carlsson wins face-off versus Casey Cizikas in neutral zone.
19:37 of 1st period - Icing by Matt Dumba.
19:38 of 1st period - Casey Cizikas wins face-off versus Trevor Zegras in Islanders zone.
19:43 of 1st period - Mikey Anderson is hit by Brendan Lemieux and loses puck.
19:54 of 1st period - Shot by Casey Cizikas.
19:54 of 1st period - Shot Misses the Net.
Goals for this period are 0 for Islanders vs 3 for Red Wings.
Shots for this period are 8 for Islanders vs 11 for Red Wings.
2nd period
0:01 of 2nd period - Brock Nelson wins face-off versus Marcus Johansson in neutral zone.
0:33 of 2nd period - Shot by Brock Nelson.
0:33 of 2nd period - Stopped by Scott Wedgewood with a rebound.
0:35 of 2nd period - Shot by Jordan Eberle.
0:35 of 2nd period - Deflect By Brock Nelson.
0:35 of 2nd period - Stopped by Scott Wedgewood with a rebound.
0:37 of 2nd period - Shot by Brock Nelson.
0:37 of 2nd period - Shot Misses the Net.
0:39 of 2nd period - Shot by Warren Foegele.
0:39 of 2nd period - Stopped by Scott Wedgewood without a rebound.
0:40 of 2nd period - Barclay Goodrow wins face-off versus Trevor Zegras in Islanders zone.
0:58 of 2nd period - Shot by Barclay Goodrow.
0:58 of 2nd period - Stopped by Samuel Ersson without a rebound.
0:59 of 2nd period - Casey Cizikas wins face-off versus Leo Carlsson in Red Wings zone.
0:59 of 2nd period - Casey Cizikas is hit by Nate Schmidt.
1:03 of 2nd period - Shot by Kyle Okposo.
1:03 of 2nd period - Stopped by Samuel Ersson without a rebound.
1:04 of 2nd period - Casey Cizikas wins face-off versus Leo Carlsson in Red Wings zone.
1:19 of 2nd period - Shot by Jakub Vrana.
1:19 of 2nd period - Shot Blocked by Brett Kulak.
2:09 of 2nd period - Shot by Warren Foegele.
2:09 of 2nd period - Stopped by Scott Wedgewood with a rebound.
2:11 of 2nd period - Shot by Neal Pionk.
2:11 of 2nd period - Stopped by Scott Wedgewood without a rebound.
2:12 of 2nd period - Trevor Zegras wins face-off versus Barclay Goodrow in Islanders zone.
2:17 of 2nd period - Shot by Evander Kane.
2:17 of 2nd period - Shot Misses the Net.
2:19 of 2nd period - Shot by Trevor Zegras.
2:19 of 2nd period - Shot Misses the Net.
2:21 of 2nd period - Shot by Alex Iafallo.
2:21 of 2nd period - Stopped by Scott Wedgewood with a rebound.
2:23 of 2nd period - Shot by Alex Iafallo.
2:23 of 2nd period - Shot Blocked by Barclay Goodrow.
2:25 of 2nd period - Shot by Trevor Zegras.
2:25 of 2nd period - Shot Misses the Net.
2:27 of 2nd period - Shot by Alex Iafallo.
2:27 of 2nd period - Shot Misses the Net.
2:42 of 2nd period - Jesse Ylonen is hit by Evander Kane and loses puck.
3:06 of 2nd period - Simon Nemec is hit by Jordan Eberle.
4:47 of 2nd period - Shot by Alex Iafallo.
4:47 of 2nd period - Stopped by Scott Wedgewood with a rebound.
4:53 of 2nd period - Shot by Evander Kane.
4:53 of 2nd period - Shot Misses the Net.
5:01 of 2nd period - Shot by Brendan Lemieux.
5:01 of 2nd period - Stopped by Samuel Ersson with a rebound.
5:03 of 2nd period - Shot by Kyle Okposo.
5:03 of 2nd period - Deflect By Casey Cizikas.
5:03 of 2nd period - Goal by Casey Cizikas - Islanders : 1 - Red Wings : 3.
5:04 of 2nd period - Travis Boyd wins face-off versus Brock Nelson in neutral zone.
5:57 of 2nd period - Shot by Brock McGinn.
5:57 of 2nd period - Stopped by Scott Wedgewood with a rebound.
6:08 of 2nd period - Brock McGinn is hit by Simon Nemec and loses puck.
6:16 of 2nd period - Minor Penalty to Mikey Anderson for Slashing.
6:17 of 2nd period - Kirill Marchenko wins face-off versus Alex Iafallo in Red Wings zone.
7:16 of 2nd period - Shot by Tanner Pearson.
7:16 of 2nd period - Stopped by Scott Wedgewood without a rebound.
7:17 of 2nd period - Casey Cizikas wins face-off versus Alex Iafallo in Islanders zone.
7:17 of 2nd period - Matt Dumba is hit by Alex Iafallo and loses puck.
8:14 of 2nd period - Warren Foegele is hit by Teddy Blueger and loses puck.
8:37 of 2nd period - Icing by Jeff Petry.
8:38 of 2nd period - Brock Nelson wins face-off versus Barclay Goodrow in Islanders zone.
8:49 of 2nd period - Shot by Brock Nelson.
8:49 of 2nd period - Shot Misses the Net.
8:55 of 2nd period - Shot by Brock Nelson.
8:55 of 2nd period - Stopped by Scott Wedgewood without a rebound.
8:56 of 2nd period - Casey Cizikas wins face-off versus Trevor Zegras in Islanders zone.
9:15 of 2nd period - Icing by Jake McCabe.
9:16 of 2nd period - Trevor Zegras wins face-off versus Teddy Blueger in Red Wings zone.
9:21 of 2nd period - Shot by Kirill Marchenko.
9:21 of 2nd period - Deflect By Marcus Johansson.
9:21 of 2nd period - Shot Blocked by Jake McCabe.
9:23 of 2nd period - Shot by Teddy Blueger.
9:23 of 2nd period - Stopped by Samuel Ersson without a rebound.
9:24 of 2nd period - Brock Nelson wins face-off versus Teddy Blueger in Red Wings zone.
9:49 of 2nd period - Shot by Teddy Blueger.
9:49 of 2nd period - Shot Misses the Net.
10:22 of 2nd period - Shot by Jesse Ylonen.
10:22 of 2nd period - Stopped by Samuel Ersson with a rebound.
10:36 of 2nd period - Shot by Viktor Neuchev.
10:36 of 2nd period - Shot Misses the Net.
11:46 of 2nd period - Icing by Brock McGinn.
11:47 of 2nd period - Leo Carlsson wins face-off versus Teddy Blueger in Red Wings zone.
12:00 of 2nd period - Shot by Brock Nelson.
12:00 of 2nd period - Stopped by Scott Wedgewood without a rebound.
12:01 of 2nd period - Brock Nelson wins face-off versus Barclay Goodrow in Islanders zone.
12:14 of 2nd period - Shot by Jesse Ylonen.
12:14 of 2nd period - Shot Misses the Net.
12:26 of 2nd period - Shot by Barclay Goodrow.
12:26 of 2nd period - Stopped by Samuel Ersson without a rebound.
12:27 of 2nd period - Trevor Zegras wins face-off versus Teddy Blueger in Red Wings zone.
12:56 of 2nd period - Shot by Alex Iafallo.
12:56 of 2nd period - Stopped by Scott Wedgewood without a rebound.
12:57 of 2nd period - Barclay Goodrow wins face-off versus Brock Nelson in Islanders zone.
13:24 of 2nd period - Tyson Barrie is hit by Jeff Petry and loses puck.
14:01 of 2nd period - Shot by Brett Kulak.
14:01 of 2nd period - Shot Misses the Net.
14:03 of 2nd period - Shot by Casey Cizikas.
14:03 of 2nd period - Shot Misses the Net.
14:05 of 2nd period - Shot by Casey Cizikas.
14:05 of 2nd period - Stopped by Samuel Ersson without a rebound.
14:06 of 2nd period - Trevor Zegras wins face-off versus Teddy Blueger in Red Wings zone.
14:06 of 2nd period - Trevor Zegras is hit by Teddy Blueger.
14:34 of 2nd period - Shot by Kirill Marchenko.
14:34 of 2nd period - Shot Blocked by Jake McCabe.
14:38 of 2nd period - Shot by Teddy Blueger.
14:38 of 2nd period - Shot Blocked by Mikey Anderson.
14:46 of 2nd period - Shot by Teddy Blueger.
14:46 of 2nd period - Shot Misses the Net.
15:07 of 2nd period - Icing by Alex Iafallo.
15:08 of 2nd period - Evander Kane wins face-off versus Barclay Goodrow in Red Wings zone.
15:08 of 2nd period - Trevor Zegras is hit by Barclay Goodrow and loses puck.
15:13 of 2nd period - Shot by Mikhail Sergachev.
15:13 of 2nd period - Shot Misses the Net.
15:15 of 2nd period - Shot by Jeff Petry.
15:15 of 2nd period - Shot Blocked by Mikey Anderson.
15:17 of 2nd period - Shot by Barclay Goodrow.
15:17 of 2nd period - Stopped by Samuel Ersson without a rebound.
15:18 of 2nd period - Leo Carlsson wins face-off versus Travis Boyd in Red Wings zone.
15:18 of 2nd period - Leo Carlsson is hit by Travis Boyd.
15:26 of 2nd period - Brock McGinn is hit by Matt Dumba and loses puck.
15:35 of 2nd period - Shot by Nate Schmidt.
15:35 of 2nd period - Stopped by Scott Wedgewood with a rebound.
15:37 of 2nd period - Shot by Nate Schmidt.
15:37 of 2nd period - Shot Misses the Net.
15:39 of 2nd period - Shot by Brock McGinn.
15:39 of 2nd period - Stopped by Scott Wedgewood without a rebound.
15:40 of 2nd period - Brock Nelson wins face-off versus Teddy Blueger in Islanders zone.
15:43 of 2nd period - Shot by Warren Foegele.
15:43 of 2nd period - Shot Misses the Net.
15:51 of 2nd period - Shot by Jordan Eberle.
15:51 of 2nd period - Deflect By Warren Foegele.
15:51 of 2nd period - Shot Misses the Net.
15:54 of 2nd period - Icing by Mikhail Sergachev.
15:55 of 2nd period - Leo Carlsson wins face-off versus Teddy Blueger in Islanders zone.
16:05 of 2nd period - Icing by Jeff Petry.
16:06 of 2nd period - Teddy Blueger wins face-off versus Brock Nelson in Islanders zone.
16:22 of 2nd period - Icing by Jeff Petry.
16:23 of 2nd period - Alex Iafallo wins face-off versus Teddy Blueger in Islanders zone.
16:49 of 2nd period - Shot by Evander Kane.
16:49 of 2nd period - Shot Misses the Net.
16:51 of 2nd period - Shot by Jake McCabe.
16:51 of 2nd period - Shot Misses the Net.
17:55 of 2nd period - Shot by Brock Nelson.
17:55 of 2nd period - Stopped by Scott Wedgewood with a rebound.
17:57 of 2nd period - Shot by Warren Foegele.
17:57 of 2nd period - Shot Misses the Net.
18:25 of 2nd period - Shot by Kyle Okposo.
18:25 of 2nd period - Deflect By Brendan Lemieux.
18:25 of 2nd period - Stopped by Samuel Ersson without a rebound.
18:26 of 2nd period - Brock Nelson wins face-off versus Casey Cizikas in Red Wings zone.
18:43 of 2nd period - Shot by Cody Glass.
18:43 of 2nd period - Shot Blocked by Matt Dumba.
18:45 of 2nd period - Shot by Mikey Anderson.
18:45 of 2nd period - Shot Misses the Net.
19:14 of 2nd period - Icing by Nate Schmidt.
19:15 of 2nd period - Travis Boyd wins face-off versus Trevor Zegras in Red Wings zone.
19:48 of 2nd period - Shot by Travis Boyd.
19:48 of 2nd period - Stopped by Samuel Ersson with a rebound.
19:50 of 2nd period - Shot by Isak Rosen.
19:50 of 2nd period - Shot Misses the Net.
Goals for this period are 1 for Islanders vs 0 for Red Wings.
Shots for this period are 11 for Islanders vs 15 for Red Wings.
3rd period
0:01 of 3rd period - Barclay Goodrow wins face-off versus Brock Nelson in neutral zone.
0:22 of 3rd period - Shot by Viktor Neuchev.
0:22 of 3rd period - Stopped by Samuel Ersson without a rebound.
0:23 of 3rd period - Trevor Zegras wins face-off versus Teddy Blueger in Red Wings zone.
0:23 of 3rd period - Trevor Zegras is hit by Teddy Blueger.
0:45 of 3rd period - Shot by Kirill Marchenko.
0:45 of 3rd period - Stopped by Samuel Ersson without a rebound.
0:46 of 3rd period - Barclay Goodrow wins face-off versus Jordan Eberle in Red Wings zone.
0:47 of 3rd period - Shot by Viktor Neuchev.
0:47 of 3rd period - Shot Misses the Net.
1:01 of 3rd period - Shot by Brock Nelson.
1:01 of 3rd period - Stopped by Scott Wedgewood with a rebound.
1:03 of 3rd period - Shot by Jordan Eberle.
1:03 of 3rd period - Stopped by Scott Wedgewood without a rebound.
1:04 of 3rd period - Trevor Zegras wins face-off versus Casey Cizikas in Islanders zone.
1:20 of 3rd period - Icing by Mikhail Sergachev.
1:21 of 3rd period - Casey Cizikas wins face-off versus Brock Nelson in Islanders zone.
1:38 of 3rd period - Shot by Brendan Lemieux.
1:38 of 3rd period - Stopped by Samuel Ersson without a rebound.
1:39 of 3rd period - Barclay Goodrow wins face-off versus Trevor Zegras in Red Wings zone.
2:42 of 3rd period - Shot by Marcus Johansson.
2:42 of 3rd period - Goal by Marcus Johansson - Islanders : 2 - Red Wings : 3.
2:43 of 3rd period - Brock Nelson wins face-off versus Casey Cizikas in neutral zone.
2:53 of 3rd period - Off-side.
2:54 of 3rd period - Leo Carlsson wins face-off versus Teddy Blueger in neutral zone.
2:57 of 3rd period - Shot by Nate Schmidt.
2:57 of 3rd period - Stopped by Scott Wedgewood with a rebound.
2:59 of 3rd period - Shot by Leo Carlsson.
2:59 of 3rd period - Deflect By Jakub Vrana.
2:59 of 3rd period - Stopped by Scott Wedgewood with a rebound.
3:01 of 3rd period - Shot by Brock McGinn.
3:01 of 3rd period - Deflect By Jakub Vrana.
3:01 of 3rd period - Shot Misses the Net.
3:08 of 3rd period - Icing by Teddy Blueger.
3:09 of 3rd period - Brock Nelson wins face-off versus Teddy Blueger in Islanders zone.
3:34 of 3rd period - Matt Dumba is hit by Warren Foegele and loses puck.
3:39 of 3rd period - Shot by Jordan Eberle.
3:39 of 3rd period - Stopped by Scott Wedgewood without a rebound.
3:40 of 3rd period - Leo Carlsson wins face-off versus Barclay Goodrow in Islanders zone.
3:43 of 3rd period - Shot by Brock McGinn.
3:43 of 3rd period - Stopped by Scott Wedgewood without a rebound.
3:44 of 3rd period - Trevor Zegras wins face-off versus Viktor Neuchev in Islanders zone.
3:49 of 3rd period - Shot by Alex Iafallo.
3:49 of 3rd period - Stopped by Scott Wedgewood without a rebound.
3:50 of 3rd period - Brock Nelson wins face-off versus Barclay Goodrow in Islanders zone.
4:09 of 3rd period - Shot by Jesse Ylonen.
4:09 of 3rd period - Shot Misses the Net.
4:34 of 3rd period - Off-side.
4:35 of 3rd period - Casey Cizikas wins face-off versus Evander Kane in neutral zone.
4:35 of 3rd period - Mikhail Sergachev is hit by Trevor Zegras and loses puck.
4:44 of 3rd period - Shot by Casey Cizikas.
4:44 of 3rd period - Shot Blocked by Jake McCabe.
4:46 of 3rd period - Shot by Brendan Lemieux.
4:46 of 3rd period - Shot Misses the Net.
4:48 of 3rd period - Shot by Jeff Petry.
4:48 of 3rd period - Shot Misses the Net.
4:52 of 3rd period - Shot by Casey Cizikas.
4:52 of 3rd period - Shot Blocked by Jake McCabe.
4:54 of 3rd period - Shot by Kyle Okposo.
4:54 of 3rd period - Shot Misses the Net.
4:56 of 3rd period - Shot by Jeff Petry.
4:56 of 3rd period - Stopped by Samuel Ersson without a rebound.
4:57 of 3rd period - Teddy Blueger wins face-off versus Leo Carlsson in Red Wings zone.
5:00 of 3rd period - Shot by Kirill Marchenko.
5:00 of 3rd period - Shot Misses the Net.
5:03 of 3rd period - Icing by Nate Schmidt.
5:04 of 3rd period - Teddy Blueger wins face-off versus Leo Carlsson in Red Wings zone.
6:08 of 3rd period - Minor Penalty to Casey Cizikas for Tripping.
6:09 of 3rd period - Trevor Zegras wins face-off versus Barclay Goodrow in Islanders zone.
6:10 of 3rd period - Shot by Mikey Anderson.
6:10 of 3rd period - Shot Misses the Net.
6:12 of 3rd period - Shot by Evander Kane.
6:12 of 3rd period - Shot Misses the Net.
6:14 of 3rd period - Shot by Evander Kane.
6:14 of 3rd period - Shot Misses the Net.
7:08 of 3rd period - Teddy Blueger is hit by Jordan Eberle and loses puck.
7:43 of 3rd period - Mikhail Sergachev is hit by Evander Kane and loses puck.
7:48 of 3rd period - Shot by Mikey Anderson.
7:48 of 3rd period - Goal by Mikey Anderson - Islanders : 2 - Red Wings : 4.
7:49 of 3rd period - Brock Nelson wins face-off versus Casey Cizikas in neutral zone.
9:10 of 3rd period - Shot by Isak Rosen.
9:10 of 3rd period - Shot Misses the Net.
10:09 of 3rd period - Shot by Leo Carlsson.
10:09 of 3rd period - Shot Misses the Net.
10:37 of 3rd period - Shot by Jesse Ylonen.
10:37 of 3rd period - Stopped by Samuel Ersson without a rebound.
10:38 of 3rd period - Barclay Goodrow wins face-off versus Trevor Zegras in Red Wings zone.
10:49 of 3rd period - Shot by Jesse Ylonen.
10:49 of 3rd period - Stopped by Samuel Ersson without a rebound.
10:50 of 3rd period - Casey Cizikas wins face-off versus Evander Kane in Red Wings zone.
11:09 of 3rd period - Shot by Evander Kane.
11:09 of 3rd period - Stopped by Scott Wedgewood without a rebound.
11:10 of 3rd period - Barclay Goodrow wins face-off versus Brock Nelson in Islanders zone.
11:10 of 3rd period - Barclay Goodrow is hit by Warren Foegele.
11:16 of 3rd period - Neal Pionk is hit by Barclay Goodrow and loses puck.
12:10 of 3rd period - Mikey Anderson is hit by Matt Dumba and loses puck.
12:34 of 3rd period - Leo Carlsson is hit by Matt Dumba and loses puck.
13:10 of 3rd period - Icing by Mikhail Sergachev.
13:11 of 3rd period - Brock Nelson wins face-off versus Teddy Blueger in Islanders zone.
13:12 of 3rd period - Shot by Jordan Eberle.
13:12 of 3rd period - Stopped by Scott Wedgewood without a rebound.
13:13 of 3rd period - Travis Boyd wins face-off versus Brock Nelson in Islanders zone.
13:30 of 3rd period - Shot by Warren Foegele.
13:30 of 3rd period - Stopped by Scott Wedgewood without a rebound.
13:31 of 3rd period - Barclay Goodrow wins face-off versus Trevor Zegras in Islanders zone.
13:38 of 3rd period - Shot by Barclay Goodrow.
13:38 of 3rd period - Deflect By Jesse Ylonen.
13:38 of 3rd period - Shot Misses the Net.
14:23 of 3rd period - Jake McCabe is hit by Casey Cizikas and loses puck.
14:41 of 3rd period - Shot by Jeff Petry.
14:41 of 3rd period - Shot Misses the Net.
14:47 of 3rd period - Casey Cizikas is hit by Evander Kane and loses puck.
15:10 of 3rd period - Shot by Jordan Eberle.
15:10 of 3rd period - Shot Blocked by Brendan Lemieux.
15:12 of 3rd period - Shot by Tyson Barrie.
15:12 of 3rd period - Deflect By Jordan Eberle.
15:12 of 3rd period - Stopped by Scott Wedgewood without a rebound.
15:13 of 3rd period - Marcus Johansson wins face-off versus Leo Carlsson in Islanders zone.
15:13 of 3rd period - Matt Dumba is hit by Brock McGinn and loses puck.
15:49 of 3rd period - Icing by Matt Dumba.
15:50 of 3rd period - Teddy Blueger wins face-off versus Brock Nelson in Islanders zone.
15:50 of 3rd period - Teddy Blueger is hit by Warren Foegele.
15:58 of 3rd period - Shot by Teddy Blueger.
15:58 of 3rd period - Shot Hit the Post.
17:40 of 3rd period - Shot by Evander Kane.
17:40 of 3rd period - Stopped by Scott Wedgewood without a rebound.
17:41 of 3rd period - Brock Nelson wins face-off versus Teddy Blueger in Islanders zone.
18:39 of 3rd period - Icing by Neal Pionk.
18:40 of 3rd period - Barclay Goodrow wins face-off versus Trevor Zegras in Red Wings zone.
19:06 of 3rd period - Icing by Simon Nemec.
19:07 of 3rd period - Barclay Goodrow wins face-off versus Brock McGinn in Islanders zone.
19:07 of 3rd period - Barclay Goodrow is hit by Brock McGinn.
Goals for this period are 1 for Islanders vs 1 for Red Wings.
Shots for this period are 7 for Islanders vs 13 for Red Wings.